 Dungeon Crawl Stone Soup version 0.31-a0-986-g5e6e4ef867 (webtiles) character file.

Game seed: 14009675230450931016

11704 jasper the Mimic (level 11, -4/80 HPs)
             Began as a Demonspawn Shapeshifter on Nov 10, 2023.
             Was an Elder of Lugonu.
             Slain by a +2 spectral quarterstaff (15 damage)
             ... created by Joseph
             ... on level 7 of the Dungeon.
             The game lasted 00:19:33 (8052 turns).

jasper the Mimic (Demonspawn Shapeshifter)          Turns: 8052, Time: 00:19:33

Health: -4/80      AC: 10    Str: 15    XL:     11   Next: 52%
Magic:  15/15      EV: 13    Int: 13    God:    Lugonu [****..]
Gold:   416        SH:  0    Dex: 17    Spells: 10/10 levels left

rFire   . .          .
                       - Unarmed
rCold   + . .        (shield currently unavailable)
rNeg    . . .        k - +1 ring mail {rC+}
rPois   +            J - +0 helmet
rElec   .            g - +2 cloak {rPois}
rCorr   +            (no gloves)
SInv    +            (no boots)
Will    .....        b - amulet of regeneration
Stlth   +            r - ring of see invisible
HPRegen 1.13/turn    z - ring of resist corrosion
MPRegen 0.14/turn

%: no passive effects
@: about to teleport, flux-form, glowing
A: glow, contaminating, powered by death 3, powered by pain 2, big brain 1
a: Begin Untransformation, Renounce Religion, Depart the Abyss, Banish, Corrupt


You were on level 7 of the Dungeon.
You worshipped Lugonu.
Lugonu was greatly pleased with you.
You were something dangerously unstable.
You visited 1 branch of the dungeon, and saw 11 of its levels.

You collected 416 gold pieces.

Inventory:

Hand Weapons
 s - a +5 dagger
Missiles
 h - 16 boomerangs (quivered)
 t - 35 stones
 v - 6 poisoned darts
Armour
 a - a +0 animal skin
 e - a +0 scale mail
 g - a +2 cloak of poison resistance (worn)
 k - a +1 ring mail of cold resistance (worn)
 u - a +2 cloak
 D - +0 steam dragon scales
 J - a +0 helmet (worn)
Jewellery
 b - an amulet of regeneration (around neck)
 r - a ring of see invisible (left hand)
 y - an amulet of the acrobat
 z - a ring of resist corrosion (right hand)
Talismans
 d - a flux talisman (active)
 m - a granite talisman
 n - a talisman of death
 C - a beast talisman
Wands
 c - a wand of polymorph (5)
 A - a wand of mindburst (9)
 E - a wand of charming (7)
 I - a wand of flame (2)
 K - a wand of roots (5)
Scrolls
 o - 2 scrolls of teleportation
 x - 2 scrolls of silence
 B - 6 scrolls of identify
 G - 3 scrolls of fog {unknown}
Potions
 f - a potion of might {unknown}
 i - 2 potions of brilliance
 j - a potion of mutation
 l - 6 potions of enlightenment
 p - a potion of attraction
 q - 2 potions of curing
 w - a potion of degeneration
 F - a potion of haste {unknown}
 H - a potion of ambrosia {unknown}


   Skills:
 - Level 5.4 Fighting
 - Level 5.0 Dodging
 - Level 5.1 Unarmed Combat
 - Level 6.0 Invocations
 + Level 13.3 Shapeshifting


You had 10 spell levels left.
You didn't know any spells.
Your spell library contained the following spells:

 Spells                   Type           Power      Damage    Failure   Level
 Ensorcelled Hibernation  Hex/Ice        0%         N/A       67%         2
 Jinxbite                 Hex            0%         N/A       67%         2
 Lesser Beckoning         Tloc           0%         N/A       67%         2
 Gell's Gravitas          Tloc           0%         N/A       88%         3
 Teleport Other           Tloc           0%         N/A       88%         3
 Anguish                  Hex/Necr       0%         N/A       99%         4
 Olgreb's Toxic Radiance  Pois           0%         N/A       99%         4
 Discord                  Hex            0%         N/A       100%        8
 Ignition                 Fire           0%         3d3       100%        8


Dungeon Overview and Level Annotations

Branches:
Dungeon (11/15)            Temple (0/1) D:6
   Lair: D:8-11         Orc: D:9-12

Altars:
Cheibriados
Dithmenos
Hepliaklqana
Makhleb
Nemelex Xobeh
Ru
Sif Muna
Trog
Vehumet
Wu Jian
Lugonu

Annotations:
D:3 exclusion: statue
D:7 1 exclusion, Joseph


Innate Abilities, Weirdness & Mutations

You are something dangerously unstable.
You glow with magical radiation, making you easy to see and hit.
Foes you strike become dangerously contaminated with magical radiation.
You are incapable of wielding weapons or throwing items.
You regenerate a lot of health from kills.
You sometimes gain power by taking damage.
You have an unusually large brain. (Int +2)


Message History

Joseph shouts!
Joseph shoots a sling bullet.
The sling bullet hits you!
You take 13 damage, and have 67/80 hp.
Joseph is nearby!
Joseph is nearby!
Joseph is nearby!
Joseph shoots a sling bullet.
The sling bullet hits you but does no damage.
Joseph shoots a sling bullet.
The sling bullet hits you.
You take 3 damage, and have 65/80 hp.
Joseph shoots a sling bullet.
The sling bullet barely misses you.
Joseph shoots a sling bullet.
The sling bullet hits you!
You take 16 damage, and have 50/80 hp.
Joseph shoots a sling bullet.
The sling bullet hits you.
You take 1 damage, and have 49/80 hp.
Joseph unwields a +0 sling.
Joseph wields a +2 spectral quarterstaff.
Joseph hits you with a +2 spectral quarterstaff!
The +2 spectral quarterstaff hits you!
A +2 spectral quarterstaff comes into view.
You take 18 damage, and have 31/80 hp.
MASSIVE DAMAGE!!
You closely miss Joseph.
Joseph hits you with a +2 spectral quarterstaff!
The +2 spectral quarterstaff barely misses you.
You take 6 damage, and have 25/80 hp.
Okay, then.
As you read the scroll of teleportation, it crumbles to dust.
You feel strangely unstable.
Joseph hits you with a +2 spectral quarterstaff!
* * * LOW HITPOINT WARNING * * *
The +2 spectral quarterstaff hits you.
* * * LOW HITPOINT WARNING * * *
You take 21 damage, and have 4/80 hp.
MASSIVE DAMAGE!!
You feel better. Joseph misses you.
The +2 spectral quarterstaff misses you.
You regained 9 hp, and now have 13/80 hp.
You feel better. The +2 spectral quarterstaff hits you!
* * * LOW HITPOINT WARNING * * *
The +2 spectral quarterstaff hits you!
You die...

#........#..###..#..#
#........#.##.......#
#........###..##....#
#........##....##...# ###
#.........#..._y#...###.##
#.........#...J##.........
#####.....##..##.......... .....
#......##............. .....
#....p..###...........
....########....@(.....#.........
....#..................#########+
....#...........######.....#####.
....#.......##### #.....#.....
....#.......# #.....#.....
##@##.......# #.....#.....
....#.......# #.....#.....
....#.......# #.....#.....


You could see Joseph and a +2 spectral quarterstaff.

Vanquished Creatures
  A centaur warrior (D:8)
  2 two-headed ogres
  A manticore (D:11)
  A cyclops (D:11)
  Maurice (D:11)
  A komodo dragon (D:11)
  6 trolls
  A polar bear (D:11)
  Grinder (D:4)
  2 centaur simulacra (D:11)
  15 yaks
  A wyvern (D:7)
  Menkaure (D:7)
  An acid dragon (D:11)
  2 water moccasins
  2 orc warriors (D:9)
  An ice beast (D:8)
  2 sky beasts
  5 wolves
  3 centaurs
  A kobold brigand (D:9)
  A bullfrog (D:8)
  4 scorpions (D:5)
  A gnoll sergeant (D:9)
  5 wights
  11 killer bees
  6 howler monkeys (D:9)
  3 electric eels (D:10)
  4 hounds
  2 orc priests
  5 jellies
  An iguana (D:5)
  8 orc wizards
  11 gnolls
  3 adders (D:4)
  A shadow imp (D:6)
  2 white imps
  3 dart slugs
  35 orcs
  7 endoplasms
  3 giant cockroaches
  4 goblins
  5 hobgoblins
  2 jackals (D:1)
  5 kobolds
  2 quokkas
  5 ball pythons
  5 bats
  5 rats
200 creatures vanquished.

Vanquished Creatures (others)
  A steam dragon (D:8)
1 creature vanquished.

Grand Total: 201 creatures vanquished

Notes
Turn   | Place    | Note
-------+----------+-------------------------------------------
     0 | D:1      | jasper the Demonspawn Shapeshifter began the quest for the
                  | Orb.
     0 | D:1      | Reached XP level 1. HP: 15/15 MP: 1/1
   279 | D:1      | Gained mutation: You sometimes gain a little power by
                  | taking damage. [demonic ancestry]
   279 | D:1      | Reached XP level 2. HP: 22/22 MP: 2/2
   847 | D:1      | Identified a scroll of acquirement
   847 | D:1      | Acquired a +1 cloak of poison resistance
  1191 | D:2      | Found a sparkling altar of Nemelex Xobeh.
  1567 | D:3      | Gained mutation: You regenerate a little health from kills.
                  | [demonic ancestry]
  1567 | D:3      | Reached XP level 3. HP: 24/28 MP: 3/3
  1586 | D:3      | Found a radiant altar of Vehumet.
  1586 | D:3      | Noticed a frost-covered statue
  1788 | D:3      | Found a faded altar of an unknown god.
  1816 | D:3      | Prayed at the altar of an unknown god.
  1816 | D:3      | Became a worshipper of Lugonu the Unformed
  1816 | D:3      | Reached * piety under Lugonu
  2706 | D:4      | Reached XP level 4. HP: 35/35 MP: 4/4
  2783 | D:4      | Noticed Grinder
  2796 | D:4      | Paralysed by Grinder for 4 turns
  2812 | D:4      | Killed Grinder
  2813 | D:4      | Gained mutation: You regenerate health from kills. [demonic
                  | ancestry]
  2813 | D:4      | Reached XP level 5. HP: 42/42 MP: 5/5
  2813 | D:4      | Reached XP level 6. HP: 48/48 MP: 6/6
  2967 | D:4      | Found a snail-covered altar of Cheibriados.
  3072 | D:5      | Entered Level 5 of the Dungeon
  3171 | D:5      | Noticed a water moccasin
  3252 | D:5      | Killed a water moccasin
  3287 | D:5      | Reached XP level 7. HP: 55/55 MP: 7/7
  3409 | D:5      | Reached ** piety under Lugonu
  3410 | D:5      | Reached skill level 5 in Fighting
  3510 | D:5      | Found a sacrificial altar of Ru.
  3553 | D:5      | Reached skill level 5 in Unarmed Combat
  3645 | D:5      | Found a shimmering blue altar of Sif Muna.
  3645 | D:5      | Found a hazy altar of Hepliaklqana.
  3806 | D:5      | Found an ornate altar of the Wu Jian Council.
  4081 | D:5      | Reached skill level 5 in Dodging
  4127 | D:6      | Reached skill level 1 in Invocations
  4151 | D:6      | Reached skill level 3 in Shapeshifting
  4151 | D:6      | Reached XP level 8. HP: 57/63 MP: 7/9
  4478 | D:6      | Found a burning altar of Makhleb.
  4553 | D:6      | Found a staircase to the Ecumenical Temple.
  4580 | D:7      | Noticed Menkaure
  4593 | D:7      | Killed Menkaure
  4605 | D:7      | Noticed a hornet
  4606 | D:7      | Found a shadowy altar of Dithmenos.
  4666 | D:7      | Reached skill level 4 in Shapeshifting
  4746 | D:6      | Reached skill level 5 in Invocations
  4823 | D:7      | Banished a hornet
  4836 | D:7      | Reached skill level 5 in Shapeshifting
  5035 | D:7      | Found a bloodstained altar of Trog.
  5048 | D:7      | Gained mutation: You regenerate a lot of health from kills.
                  | [demonic ancestry]
  5048 | D:7      | Reached XP level 9. HP: 34/63 MP: 13/13
  5322 | D:7      | Reached skill level 6 in Shapeshifting
  5379 | D:7      | Noticed Joseph
  5466 | D:8      | Noticed a two-headed ogre
  5482 | D:8      | Killed a two-headed ogre
  5483 | D:8      | Reached skill level 7 in Shapeshifting
  5689 | D:8      | Reached skill level 8 in Shapeshifting
  5701 | D:8      | You fall into a shaft and drop 3 floors!
  5748 | D:11     | Noticed a polar bear
  5761 | D:11     | Killed a polar bear
  5791 | D:11     | Noticed a troll
  5803 | D:11     | Killed a troll
  5804 | D:11     | Reached skill level 9 in Shapeshifting
  5804 | D:11     | Gained mutation: You sometimes gain power by taking damage.
                  | [demonic ancestry]
  5804 | D:11     | Reached XP level 10. HP: 48/74 MP: 14/14
  5960 | D:11     | Noticed a cyclops
  5976 | D:11     | Killed a cyclops
  5977 | D:11     | Reached skill level 10 in Shapeshifting
  5996 | D:11     | Reached *** piety under Lugonu
  6034 | D:11     | Noticed Maurice
  6066 | D:11     | Noticed a two-headed ogre
  6091 | D:10     | Entered Level 10 of the Dungeon
  6106 | D:11     | Killed a two-headed ogre
  6212 | D:11     | Maurice stole a beast talisman
  6214 | D:11     | Maurice stole an amulet of the acrobat
  6216 | D:11     | Maurice stole 11 boomerangs
  6233 | D:11     | Killed Maurice
  6234 | D:11     | Reached skill level 11 in Shapeshifting
  6294 | D:11     | Noticed a manticore
  6315 | D:11     | Killed a manticore
  6534 | D:10     | Gained mutation: You have an unusually large brain. (Int
                  | +2) [demonic ancestry]
  6534 | D:10     | Reached XP level 11. HP: 80/80 MP: 15/15
  6558 | D:10     | Reached skill level 12 in Shapeshifting
  7153 | D:9      | HP: 2/80 [gnoll sergeant/+4 spear of flaming (3)]
  7205 | D:9      | Reached **** piety under Lugonu
  7370 | D:9      | Reached skill level 13 in Shapeshifting
  7865 | D:8      | Noticed a centaur warrior
  7870 | D:8      | Killed a centaur warrior
  8050 | D:7      | HP: 4/80 [+2 spectral quarterstaff[Joseph] (5)]
  8052 | D:7      | Slain by a +2 spectral quarterstaff

Illustrated notes

Levels and vault maps discovered:
D:1:      scummos_arrival_forest, layout_loops_corners
D:2:      layout_rooms, basic_altar
D:3:      layout_loops_ring, vehumet_statue, ebering_ecumenical_altar_box,
          nicolae_figureground_sparkle
D:4:      layout_gridville, kennysheep_slug_shrine, tso_oasis_becter,
          nicolae_zig_zag_zippers, uniq_grinder
D:5:      layout_loops_ring, mainiacjoe_overflow_chevrons,
          nicolae_ru_awakened_eye, nicolae_overflow_two_pavilions
D:6:      layout_cave_pools, mainiacjoe_overflow_alcove_4, zin_statuary,
          minmay_temple_entry_fiery
D:7:      layout_gridville, mainiacjoe_overflow_catwalk,
          nicolae_dithmenos_through_a_glass_darkly, uniq_joseph, uniq_menkaure
D:8:      minmay_tri_box, layout_layer_cave, kennysheep_mini,
          overflow_temple_1_default, st_stairs_2
D:9:      layout_loops_cross, kennysheep_orc_monster_closet_entryway,
          minmay_misc_feat_columns
D:10:     layout_roguey [special_room_bee], erik_lair_island,
          nicolae_trove_entry_crossroad
D:11:     layout_loops_ring, serial_ice, serial_ice_n, serial_ice_h,
          serial_ice_l, serial_ice_b, uniq_maurice

Skill      XL: |  1  2  3  4  5  6  7  8  9 10 11 |
---------------+----------------------------------+-----
Fighting       | 2 3 4 5 |  5.4
Dodging        | 2 3 4 5 |  5.0
Unarmed Combat | 3 4 5 |  5.1
Invocations    | 2 6 |  6.0
Shapeshifting  | 3 5 9 11 13 | 13.3

Action                     |  1- 3 |  4- 6 |  7- 9 | 10-12 || total
---------------------------+-------+-------+-------+-------++-------
  Melee: Unarmed           |   150 |   141 |   476 |   366 ||  1133
         Punch             |     4 |     8 |    15 |     2 ||    29
  Throw: Boomerang         |     1 |     1 |     3 |     2 ||     7
         Dart              |       |       |     4 |       ||     4
 Invoke: Banish            |       |       |     2 |       ||     2
Ability: Begin Untransform |     1 |       |       |       ||     1
  Evoke: Wand              |       |       |     8 |     7 ||    15
    Use: Scroll            |    11 |     3 |     2 |     2 ||    18
         Potion            |       |     2 |     4 |     4 ||    10
 Armour: Scale mail        |    56 |       |       |       ||    56
         Animal skin       |     1 |       |       |       ||     1
         Ring mail         |    47 |    78 |   321 |   250 ||   696
         Skin              |       |     4 |    22 |    42 ||    68
  Dodge: Dodged            |    86 |    52 |   323 |   243 ||   704
   Form: Flux              |       |       |     1 |       ||     1

Table legend: (Time is in decaauts)
 A = Elapsed time spent in this place.
 B = Non-inter-level travel time spent in this place.
 C = Inter-level travel time spent in this place.
 D = Time resting spent in this place.
 E = Time spent auto-exploring this place.
 F = Levels seen in this place.
 G = Mean time per level.
                   A        B        C        D        E       F      G
               +--------+--------+--------+--------+--------+-----+--------+
         Total |   7955 |   7602 |    353 |    476 |   4914 |  11 |  723.2 |
       Dungeon |   7955 |   7602 |    353 |    476 |   4914 |  11 |  723.2 |
               +--------+--------+--------+--------+--------+-----+--------+

Top non-repeatable levels by time:
     D:1: 1001 daAuts
     D:5: 999 daAuts
     D:3: 891 daAuts
     D:7: 866 daAuts
    D:11: 748 daAuts
     D:9: 700 daAuts
     D:4: 695 daAuts
     D:6: 556 daAuts
    D:10: 515 daAuts
     D:8: 507 daAuts
     D:2: 474 daAuts
